AoeStats
← [La14]Uvita

Arabia

510323265Analyzed
1v1 RM · 2d ago on Sep 30, 2026· 55m 2s· 2 players
Game mode
Random Map
Map size
Tiny (2 player)
Population
200
Speed
Normal
Resources
Standard
Victory
Conquest
Starting age
Dark Age
Ending age
Imperial Age
RankedLock teamsTeams togetherTeam positionsShared explorationLock speedFull tech treeHidden civsTurbo modeCheats
Victory
Defeat
🇦🇷 Magyars · Argentina
907
+17
🇪🇸 Ethiopians · Spain
928
-17
[La14]Uvita
7:21 Loom
10:50 Feudal Age
12:44 Double-Bit Axe
14:56 Horse Collar
17:55 Fletching
22:43 Castle Age
23:25 Scale Barding Armor
24:19 Husbandry
26:26 Town Watch
29:54 Bloodlines
29:30 Elite Skirmisher
31:06 Padded Archer Armor
33:03 Bodkin Arrow
34:01 Leather Archer Armor
35:20 Ballistics
35:47 Wheelbarrow
39:42 Gold Mining
42:34 Corvinian Army
44:08 Thumb Ring
44:31 Chain Barding Armor
45:29 Heavy Plow
48:17 Stone Mining
53:59 Imperial Age
53:37 Hand Cart
53:51 Fervor
54:04 Capped Ram
55:11 Conscription
54:26 Spies/Treason
54:41 Spies/Treason
LORENATORR
11:14 Feudal Age
11:57 Loom
12:01 Double-Bit Axe
11:57 Horse Collar
22:11 Stone Mining
23:17 Forging
22:57 Fletching
29:03 Castle Age
29:36 Crossbowman
31:24 Thumb Ring
31:49 Scale Mail Armor
32:09 Squires
Connection lost

Rejoining the realm…

Still unreachable

The connection could not be restored.

Session expired

The server has moved on; the page needs a fresh start.